 Dungeon Crawl Stone Soup version 0.28-a0-1199-gef9e1dbd39 (webtiles) character file.

Game seed: 15197935568172970767

122 ZeroWinrate the Fighter (level 5, -1/54 HPs)
             Began as a Gnoll Wanderer on Dec 19, 2021.
             Slain by Natasha (6 damage)
             ... on level 2 of the Dungeon.
             The game lasted 00:01:52 (1367 turns).

ZeroWinrate the Fighter (Gnoll Wanderer)            Turns: 1367, Time: 00:01:53

Health: -1/54      AC:  3    Str: 13    XL:     5   Next: 6%
Magic:  7/7        EV: 13    Int: 10    God:
Gold:   62         SH:  0    Dex: 13    Spells: 6/6 levels left

rFire   + . .      SeeInvis .   p - +0 halberd (flame)
rCold   + . .      Faith    .   (shield currently unavailable)
rNeg    . . .      Spirit   .   c - +0 leather armour
rPois   +          Reflect  .   (no helmet)
rElec   +          Harm     .   (no cloak)
rCorr   +          Rampage  .   (no gloves)
Will    .....                   (no boots)
Stlth   +.........              (no amulet)
HPRegen 0.18/turn               (no ring)
MPRegen 0.10/turn               (no ring)

@: mighty, brilliant, resistant
A: fangs 1, strong nose, distributed training
a: no special abilities


You were on level 2 of the Dungeon.
You visited 1 branch of the dungeon, and saw 2 of its levels.

You collected 62 gold pieces.

Inventory:

Hand Weapons
 a - a +1 hand crossbow
 o - a +1 falchion of holy wrath
 p - a +0 halberd of flaming (weapon)
Missiles
 b - 4 throwing nets (quivered)
 d - 14 bolts
Armour
 c - a +0 leather armour (worn)
Jewellery
 m - a ring of wizardry
 q - a ring of positive energy
Scrolls
 e - a scroll of magic mapping
 g - 2 scrolls of silence {unknown}
 h - a scroll of identify {unknown}
 k - a scroll of immolation {unknown}
 l - a scroll of enchant weapon {unknown}


   Skills:
 + Level 10.5 Fighting
 + Level 1.3 Short Blades
 + Level 1.3 Long Blades
 + Level 1.3 Axes
 + Level 1.3 Maces & Flails
 + Level 1.3 Polearms
 + Level 1.3 Staves
 + Level 1.3 Slings
 + Level 1.3 Bows
 + Level 4.7 Crossbows
 + Level 1.3 Throwing
 + Level 2.9 Armour
 + Level 4.7 Dodging
 + Level 1.3 Stealth
 + Level 1.3 Shields
 + Level 1.3 Unarmed Combat
 + Level 1.3 Spellcasting
 + Level 1.1 Conjurations
 + Level 1.1 Hexes
 + Level 1.1 Summonings
 + Level 1.1 Necromancy
 + Level 1.1 Translocations
 + Level 1.1 Transmutations
 + Level 1.1 Fire Magic
 + Level 1.1 Ice Magic
 + Level 1.1 Air Magic
 + Level 1.1 Earth Magic
 + Level 1.1 Poison Magic
 + Level 1.5 Invocations
 + Level 1.3 Evocations


You had 6 spell levels left.
You didn't know any spells.
Your spell library was empty.

Dungeon Overview and Level Annotations

Branches:
Dungeon (2/15)

Altars:

Annotations:
D:2 Natasha


Innate Abilities, Weirdness & Mutations

You have very sharp teeth.
Your uncanny sense of smell can sniff out nearby items.
Your experience applies equally to all skills.


Message History

You resist with some effort.
You barely miss Natasha.
The crimson imp blinks!
Natasha misses you.
The crimson imp blinks!
You closely miss Natasha. Natasha misses you. The crimson imp hits you.
Natasha claws you but does no damage.
As you read the scroll labelled IGEDYGHEDO, it crumbles to dust.
You feel aware of your surroundings.
You sensed 1 altar.
It was a scroll of magic mapping.
The crimson imp closely misses you. Natasha claws you.
* * * LOW HITPOINT WARNING * * *
Unknown command.
It was a potion of cancellation.
You feel magically purged.
The crimson imp hits you but does no damage.
Natasha closely misses you.
It was a potion of magic.
Magic courses through your body. The crimson imp hits you.
* * * LOW HITPOINT WARNING * * *
Natasha barely misses you.
It was a potion of might.
You feel very mighty all of a sudden. The crimson imp completely misses you.
Natasha barely misses you.
It was a potion of resistance.
You feel protected.
The crimson imp blinks!
Natasha claws you.
* * * LOW HITPOINT WARNING * * *
It was a potion of brilliance.
You feel clever all of a sudden. Natasha claws you.
* * * LOW HITPOINT WARNING * * *
You barely miss Natasha. Natasha barely misses you.
You closely miss Natasha. Natasha claws you.
* * * LOW HITPOINT WARNING * * *
The crimson imp closely misses you.
Natasha wildly gestures.
Natasha shimmers violently.
Natasha closely misses you.
You miss Natasha.
The crimson imp hits you but does no damage.
Natasha claws you.
You die...

##..####.........................
.................................
##............##.........#.#.....
##............##.....#...#.#..#..
##...###..#...##.....#...#.#..#..
..............##.....#...#.#..#..
##...###..#...##.....#........#..
................h5...............
##...###........@....#...#.#.###.
##...###.###....)....#...#.#.###.
##......................##.......
...............#.................
##............##.#......##†......
..............##.#..##..##<#.###.
......##.##.#..#.##.##..####.....
......##†...............# #####.
......##..#######..#.#..# #.


You could see Natasha and a crimson imp (summoned).

Vanquished Creatures
  Natasha (twice) (D:2)
  3 gnolls (D:2)
  An adder (D:2)
  2 dart slugs
  2 endoplasms
  A giant cockroach (D:1)
  2 goblins (D:1)
  4 hobgoblins
  A quokka (D:1)
  7 ball pythons
  3 bats (D:1)
  3 kobolds
  4 rats
35 creatures vanquished.

Notes
Turn   | Place    | Note
-------+----------+-------------------------------------------
     0 | D:1      | Reached skill level 10 in Fighting
     0 | D:1      | ZeroWinrate the Gnoll Wanderer began the quest for the Orb.
     0 | D:1      | ZeroWinrate set off with the following items: a +1 hand
                  | crossbow, 4 throwing nets, a +0 leather armour, 23 bolts
     0 | D:1      | Reached XP level 1. HP: 29/29 MP: 1/1
   136 | D:1      | Reached XP level 2. HP: 36/36 MP: 2/2
   519 | D:1      | Reached XP level 3. HP: 41/42 MP: 3/3
   749 | D:2      | Reached skill level 1 in Invocations
   858 | D:2      | Reached skill level 1 in Short Blades
   858 | D:2      | Reached skill level 1 in Long Blades
   858 | D:2      | Reached skill level 1 in Axes
   858 | D:2      | Reached skill level 1 in Maces & Flails
   858 | D:2      | Reached skill level 1 in Polearms
   858 | D:2      | Reached skill level 1 in Staves
   858 | D:2      | Reached skill level 1 in Slings
   858 | D:2      | Reached skill level 1 in Bows
   858 | D:2      | Reached skill level 1 in Throwing
   858 | D:2      | Reached skill level 1 in Stealth
   858 | D:2      | Reached skill level 1 in Shields
   858 | D:2      | Reached skill level 1 in Unarmed Combat
   858 | D:2      | Reached skill level 1 in Spellcasting
   858 | D:2      | Reached skill level 1 in Evocations
   858 | D:2      | Reached XP level 4. HP: 37/48 MP: 5/5
  1132 | D:2      | Noticed Natasha
  1138 | D:2      | Killed Natasha
  1139 | D:2      | Reached skill level 1 in Conjurations
  1139 | D:2      | Reached skill level 1 in Hexes
  1139 | D:2      | Reached skill level 1 in Summonings
  1139 | D:2      | Reached skill level 1 in Necromancy
  1139 | D:2      | Reached skill level 1 in Translocations
  1139 | D:2      | Reached skill level 1 in Transmutations
  1139 | D:2      | Reached skill level 1 in Fire Magic
  1139 | D:2      | Reached skill level 1 in Ice Magic
  1139 | D:2      | Reached skill level 1 in Air Magic
  1139 | D:2      | Reached skill level 1 in Earth Magic
  1139 | D:2      | Reached skill level 1 in Poison Magic
  1269 | D:2      | Noticed Natasha
  1276 | D:2      | Killed Natasha
  1277 | D:2      | Reached XP level 5. HP: 44/54 MP: 5/7
  1341 | D:2      | Noticed Natasha
  1367 | D:2      | Slain by Natasha

Illustrated notes

Levels and vault maps discovered:
D:1:      eino_arrival_water_cross, layout_loops_ring, minmay_misc_feat_tower,
          chequers_serial_rivers_micro_c, columned_hall_lemuel, minmay_ruptured
D:2:      layout_basic, dreamdust_ecumenical_altar_sealed_demon,
          minmay_split_cup_small, uniq_natasha

Skill      XL: |  1  2  3  4 |
---------------+-------------+-----
Fighting       | | 10.5
Invocations    | 1 |  1.5
Short Blades   | 1 |  1.3
Long Blades    | 1 |  1.3
Axes           | 1 |  1.3
Maces & Flails | 1 |  1.3
Polearms       | 1 |  1.3
Staves         | 1 |  1.3
Slings         | 1 |  1.3
Bows           | 1 |  1.3
Throwing       | 1 |  1.3
Stealth        | 1 |  1.3
Shields        | 1 |  1.3
Unarmed Combat | 1 |  1.3
Spellcasting   | 1 |  1.3
Evocations     | 1 |  1.3
Conjurations   | 1 |  1.1
Hexes          | 1 |  1.1
Summonings     | 1 |  1.1
Necromancy     | 1 |  1.1
Translocations | 1 |  1.1
Transmutations | 1 |  1.1
Fire Magic     | 1 |  1.1
Ice Magic      | 1 |  1.1
Air Magic      | 1 |  1.1
Earth Magic    | 1 |  1.1
Poison Magic   | 1 |  1.1
Crossbows      | |  4.7
Armour         | |  2.9
Dodging        | |  4.7

Action                   |  1- 3 |  4- 6 || total
-------------------------+-------+-------++-------
Melee: Halberd           |     7 |    36 ||    43
       Bite              |     1 |     2 ||     3
 Fire: Hand crossbow     |    44 |       ||    44
  Use: Potion            |       |     5 ||     5
       Scroll            |       |     1 ||     1
 Stab: Sleeping          |       |     1 ||     1
Armor: Leather armour    |     3 |     5 ||     8
Dodge: Dodged            |    12 |    22 ||    34

Table legend: (Time is in decaauts)
 A = Elapsed time spent in this place.
 B = Non-inter-level travel time spent in this place.
 C = Inter-level travel time spent in this place.
 D = Time resting spent in this place.
 E = Time spent auto-exploring this place.
 F = Levels seen in this place.
 G = Mean time per level.
                   A        B        C        D        E       F      G
               +--------+--------+--------+--------+--------+-----+--------+
         Total |   1397 |   1384 |     13 |     67 |   1055 |   2 |  698.5 |
       Dungeon |   1397 |   1384 |     13 |     67 |   1055 |   2 |  698.5 |
               +--------+--------+--------+--------+--------+-----+--------+

Top non-repeatable levels by time:
     D:1: 724 daAuts
     D:2: 672 daAuts
